 Dungeon Crawl Stone Soup version 0.31-a0-217-g58bb5d79cf (webtiles) character file.

Game seed: 4693070349319470714

12824 qw the Cleaver (level 11, -9/71 HPs)
             Began as a Gargoyle Fighter on July 2, 2023.
             Was an Elder of Okawaru.
             Mangled by a fire giant
             ... wielding a +2 great sword of flaming
              (32 damage)
             ... on level 11 of the Dungeon.
             The game lasted 00:05:07 (9704 turns).

qw the Cleaver (Gargoyle Fighter)                   Turns: 9704, Time: 00:05:08

Health: -9/71      AC: 29    Str: 24      XL:     11   Next: 99%
Magic:  14/16      EV:  8    Int:  9      God:    Okawaru [****..]
Gold:   485        SH: 11    Dex:  8 (9)  Spells: 10/10 levels left

rFire   + . .        Y - +2 war axe (venom)
rCold   + . .        p - +0 kite shield
rNeg    + . .        m - +0 plate armour
rPois   inf          (no helmet)
rElec   +            q - scarf {rC+ rF+}
rCorr   .            a - +0 pair of gloves
SInv    .            (no boots)
Will    .....        (no amulet) Stlth
                     f - +4 ring of protection
HPRegen 0.31/turn    (no ring)
MPRegen 0.15/turn

%: no passive effects
@: heroic
A: sickness immunity, AC +8, negative energy resistance 1, electricity
resistance, torment resistance 1, petrification resistance
a: Renounce Religion, Heroism, Finesse


You were on level 11 of the Dungeon.
You worshipped Okawaru.
Okawaru was greatly pleased with you.
You visited 2 branches of the dungeon, and saw 12 of its levels.
You also visited: Ossuary.

You collected 485 gold pieces.


Innate Abilities, Weirdness & Mutations

You are immune to sickness and miasma.
Your stone body is resilient. (AC +8)
You are immune to poison.
You resist negative energy. (rN+)
You are resistant to electric shocks. (rElec)
You are resistant to unholy torment.
You are immune to petrification.


   Skills:
 - Level 9.0(14.0) Fighting
 - Level 12.0(17.0) Axes
 - Level 2.0(7.0) Throwing
 - Level 7.4(12.4) Armour
 - Level 1.3(6.3) Dodging
 + Level 7.6(12.6) Shields
 + Level 7.3 Invocations


You had 10 spell levels left.
You didn't know any spells.
Your spell library was empty.

Inventory:

Hand Weapons
 n - a +0 flail
 Y - a +2 war axe of venom (weapon)
Armour
 a - a +0 pair of gloves (worn)
 k - the +3 ring mail of Extufot {rElec rF+ MP+9 SInv}
   (You took it off a hobgoblin on level 4 of the Dungeon)

   rF:        It protects you from fire.
   rElec:     It insulates you from electricity.
   MP:        It affects your magic capacity (+9).
   SInv:      It lets you see invisible.
 m - a +0 plate armour (worn)
 p - a +0 kite shield (worn)
 q - a scarf of resistance (worn)
Jewellery
 f - a +4 ring of protection (left hand)
 o - an amulet of guardian spirit
Wands
 c - a wand of digging (6)
Scrolls
 b - 4 scrolls of teleportation
 h - 2 scrolls of identify
Potions
 d - 3 potions of might
 e - 2 potions of lignification
 g - a potion of cancellation
 i - 2 potions of enlightenment
 j - a potion of haste

Dungeon Overview and Level Annotations

Branches:
Dungeon (11/15)            Temple (1/1) D:6            Lair (0/5) D:11
    Orc (0/2) D:10        Ossuary (visited)

Altars:
Ashenzari
Cheibriados
Dithmenos
Elyvilon
Fedhas
Gozag
Hepliaklqana
Kikubaaqudgha
Makhleb
Nemelex Xobeh
Okawaru
Qazlal
Ru
Sif Muna
Trog
Uskayaw
Vehumet
Wu Jian
Xom
Yredelemnul
Zin
The Shining One

Shops:
D:4 :   D:7 :

Annotations:
D:2 1 runed translucent door, Crazy Yiuf
D:6 2 transporters, qw's ghost, novice DEHu


Message History

Enter note:
Enter note:
Enter note:
Enter note:
Enter note:
Enter note: You open the door.
There is an open door here.
You open the door.
There is an open door here.
A fire giant comes into view.
It is wielding a +2 great sword of flaming.
Enter note:
Enter note:
Enter note:
Enter note:
Enter note:
Enter note:
Enter note:
Enter note:
Enter note: You completely miss the fire giant.
The fire giant barely misses you.
You hit the fire giant but do no damage.
The fire giant is poisoned.
The fire giant casts a spell at you. The bolt of fire hits you!! You resist.
9701 ||| INVOKING Heroism.
You gain the combat prowess of a mighty hero.
The fire giant barely misses you.
You hit the fire giant.
The fire giant is lightly wounded.
You slice the fire giant!!
The fire giant is moderately wounded.
The fire giant hits you with a +2 great sword of flaming!
The fire giant burns you.
You slice the fire giant!!
The fire giant looks as sick as possible!
The fire giant is heavily wounded.
The fire giant hits you with a +2 great sword of flaming!!
You die...

# #..)........#.# #
#......^....#.# #
#...........#.# #
#...........#.# #
#...........#.# #
##########.###.# # #...#
#####.# ####.#.# #..C###
.(.....# # #@# ####.### #.
#.############ #.#.#
#.###.#..........#
#.#.######...###########.#
#.#......##'##.....# #.#
#.#.#######....###.# #.#
#....?.........# #.# #.#
###.###......[.# #.# #.#
#.#...####...# #.# #.#


You could see a fire giant (extremely poisoned).

Vanquished Creatures
  3 two-headed ogres
  A centaur warrior (D:10)
  A cyclops (D:11)
  An ugly thing (D:11)
  An elephant (D:11)
  A kobold demonologist (D:11)
  A komodo dragon (D:11)
  A troll (D:9)
  A hornet (D:9)
  Sigmund (D:2)
  A vampire (D:11)
  A wraith (D:10)
  3 wyverns
  19 yaks
  A basilisk (D:11)
  2 orc warriors
  4 ice beasts
  4 black bears
  3 ogres
  4 centaurs
  3 phantoms
  3 kobold brigands
  Blork the orc (D:4)
  2 gnoll sergeants
  3 bullfrogs
  9 wights
  3 scorpions
  13 killer bees
  5 howler monkeys
  An electric eel (D:7)
  A jelly (D:6)
  5 hounds (D:8)
  5 gnoll boudas (D:8)
  4 orc priests
  Jessica (D:2)
  An iguana (D:6)
  4 orc wizards
  7 adders
  25 gnolls
  A shadow imp (D:6)
  2 white imps
  3 ufetubi
  A worm (D:2)
  5 dart slugs
  22 orcs
  2 ball pythons
  4 bats
  3 endoplasms (D:2)
  5 giant cockroaches
  3 goblins
  5 hobgoblins
  8 jackals
  4 quokkas
  6 frilled lizards
  5 hobgoblin zombies (Ossuary)
  13 kobolds
  8 kobold zombies (Ossuary)
  7 orc zombies (Ossuary)
  3 rats
260 creatures vanquished.

Notes
Turn   | Place    | Note
-------+----------+-------------------------------------------
     0 | D:1      | qw the Gargoyle Fighter began the quest for the Orb.
     0 | D:1      | Reached XP level 1. HP: 14/14 MP: 1/1
     0 | D:1      | 0 ||| qw: Version: 0.3-a-40-ge99b1a8
     0 | D:1      | 0 ||| qw: Game counter: 67
     0 | D:1      | 0 ||| qw: Melee chars always use a shield: true
     0 | D:1      | 0 ||| qw: God list: Okawaru
     0 | D:1      | 0 ||| qw: Allow faded altars: false
     0 | D:1      | 0 ||| qw: Do Orc after clearing Dungeon:15 true
     0 | D:1      | 0 ||| qw: Do second Lair branch before Depths: true
     0 | D:1      | 0 ||| qw: Lair rune preference: random
     0 | D:1      | 0 ||| qw: Goals: Normal, Zot:1-4, Slime:5, God:TSO, Crypt,
                  | Tomb, Abyss, Pan, Hells, Win
     0 | D:1      | 0 ||| PLANNING D:1-11
    40 | D:1      | Reached skill level 2 in Axes
    68 | D:1      | 68 ||| Stepping ~*~*~tactically~*~*~ (stealth).
   162 | D:1      | Reached XP level 2. HP: 19/19 MP: 2/2
   353 | D:1      | 353 ||| Stepping ~*~*~tactically~*~*~ (stealth).
   438 | D:1      | 438 ||| Stepping ~*~*~tactically~*~*~ (hiding).
   451 | D:1      | Reached skill level 3 in Axes
   453 | D:1      | 453 ||| Stepping ~*~*~tactically~*~*~ (stealth).
   454 | D:1      | 454 ||| Stepping ~*~*~tactically~*~*~ (stealth).
   460 | D:1      | Reached XP level 3. HP: 23/23 MP: 3/3
   492 | D:1      | 492 ||| UPGRADING to +0 chain mail.
   502 | D:1      | 502 ||| DROPPING +0 scale mail.
   503 | D:1      | 503 ||| READING scroll labelled NOHUPR ENIBB.
   504 | D:1      | 504 ||| READING scroll labelled URIGACLIENNAK.
   505 | D:1      | 505 ||| READING 2 scrolls labelled AMELYI TESE.
   582 | D:2      | Found a sacrificial altar of Ru.
   591 | D:2      | Noticed Jessica
   595 | D:2      | Killed Jessica
   596 | D:2      | Reached XP level 4. HP: 28/28 MP: 4/4
   639 | D:2      | Found a runed translucent door.
   640 | D:2      | Noticed Crazy Yiuf
   706 | D:2      | Reached skill level 4 in Axes
   818 | D:2      | 818 ||| FLEEEEING.
   828 | D:2      | 828 ||| Stepping ~*~*~tactically~*~*~ (stealth).
   879 | D:2      | Noticed Sigmund
   910 | D:2      | Killed Sigmund
   911 | D:2      | Reached skill level 5 in Axes
   911 | D:2      | Reached XP level 5. HP: 21/32 MP: 5/5
   911 | D:2      | Reached XP level 6. HP: 24/37 MP: 6/6
  1117 | D:2      | 1117 ||| READING scroll labelled ETHYEK DUQOS.
  1118 | D:2      | 1118 ||| READING scroll labelled IMIJOEDGHUU.
  1119 | D:2      | 1119 ||| DRINKING 2 fizzy ruby potions.
  1156 | D:2      | 1156 ||| READING 2 scrolls of identify.
  1156 | D:2      | 1156 ||| IDENTIFYING green potion
  1352 | D:3      | Found a broken altar of Ashenzari.
  1353 | D:3      | 1353 ||| DROPPING +0 club.
  1354 | D:3      | 1354 ||| DROPPING +0 mace.
  1376 | D:3      | Found a shimmering blue altar of Sif Muna.
  1449 | D:3      | 1449 ||| Stepping ~*~*~tactically~*~*~ (stealth).
  1798 | D:3      | 1798 ||| UPGRADING to +0 pair of gloves.
  1803 | D:3      | 1803 ||| UPGRADING to +0 plate armour.
  1813 | D:3      | 1813 ||| DROPPING +0 chain mail.
  1814 | D:3      | 1814 ||| READING scroll labelled UZUTTO QUGHUTT.
  1815 | D:3      | 1815 ||| READING scroll labelled GOJOOQ LUTA.
  1935 | D:3      | 1935 ||| Stepping ~*~*~tactically~*~*~ (stealth).
  1987 | D:3      | 1987 ||| READING 2 scrolls labelled DYIB SAOGRY.
  1988 | D:3      | 1988 ||| READING scroll labelled ATROFO SOFOECS.
  1989 | D:3      | 1989 ||| READING 2 scrolls of identify.
  1989 | D:3      | 1989 ||| IDENTIFYING fuming clear potion
  1990 | D:3      | 1990 ||| DROPPING potion of brilliance.
  1991 | D:3      | 1991 ||| DROPPING scroll of fog.
  2010 | D:4      | Found Jinietyu's Vocational Training.
  2041 | D:4      | 2041 ||| Stepping ~*~*~tactically~*~*~ (stealth).
  2042 | D:4      | 2042 ||| Stepping ~*~*~tactically~*~*~ (stealth).
  2201 | D:4      | Noticed Blork the orc
  2215 | D:4      | Killed Blork the orc
  2216 | D:4      | Reached skill level 6 in Axes
  2347 | D:4      | Found a blossoming altar of Fedhas.
  2347 | D:4      | Found an ancient bone altar of Kikubaaqudgha.
  2385 | D:4      | Identified the +3 ring mail of Extufot {rElec rF+ MP+9
                  | SInv}
  2533 | D:4      | Reached skill level 1 in Throwing
  2533 | D:4      | Reached XP level 7. HP: 43/43 MP: 7/7
  2766 | D:4      | 2766 ||| UPGRADING to +4 ring of protection.
  2767 | D:4      | 2767 ||| DRINKING 2 glowing grey potions.
  2781 | D:5      | Entered Level 5 of the Dungeon
  2834 | D:5      | You fall into a shaft and drop 1 floor!
  2867 | D:6      | Found a staircase to the Ecumenical Temple.
  2868 | D:6      | 2868 ||| PLANNING TEMPLE
  2876 | Temple   | Entered the Ecumenical Temple
  2878 | Temple   | 2878 ||| PLANNING OKAWARU WORSHIP
  2927 | Temple   | Became a worshipper of Warmaster Okawaru
  2928 | Temple   | 2928 ||| PLANNING D:1-11
  3067 | D:5      | 3067 ||| Stepping ~*~*~tactically~*~*~ (stealth).
  3085 | D:5      | 3085 ||| Stepping ~*~*~tactically~*~*~ (stealth).
  3087 | D:5      | 3087 ||| Stepping ~*~*~tactically~*~*~ (hiding).
  3100 | D:5      | 3100 ||| Stepping ~*~*~tactically~*~*~ (hiding).
  3106 | D:5      | Reached skill level 7 in Axes
  3258 | D:5      | Reached XP level 8. HP: 21/48 MP: 8/8
  3399 | D:5      | Found a white marble altar of Elyvilon.
  3527 | D:5      | 3527 ||| Stepping ~*~*~tactically~*~*~ (stealth).
  3545 | D:5      | Reached * piety under Okawaru
  3546 | D:5      | Reached skill level 1 in Dodging
  3570 | D:5      | Reached skill level 1 in Invocations
  3622 | D:5      | 3622 ||| INVOKING Heroism.
  3848 | D:5      | 3848 ||| Stepping ~*~*~tactically~*~*~ (hiding).
  3849 | D:5      | 3849 ||| Stepping ~*~*~tactically~*~*~ (hiding).
  3850 | D:5      | 3850 ||| INVOKING Heroism.
  3853 | D:5      | 3853 ||| Stepping ~*~*~tactically~*~*~ (hiding).
  3854 | D:5      | 3854 ||| Stepping ~*~*~tactically~*~*~ (hiding).
  3855 | D:5      | 3855 ||| Stepping ~*~*~tactically~*~*~ (hiding).
  3867 | D:5      | Reached skill level 3 in Invocations
  3914 | D:5      | 3914 ||| Stepping ~*~*~tactically~*~*~ (stealth).
  4095 | D:5      | Found a basalt altar of Yredelemnul.
  4182 | D:5      | 4182 ||| READING 2 scrolls of identify.
  4182 | D:5      | 4182 ||| IDENTIFYING fuming ruby potion
  4183 | D:5      | 4183 ||| DROPPING potion of berserk rage.
  4196 | D:6      | 4196 ||| Stepping ~*~*~tactically~*~*~ (hiding).
  4197 | D:6      | 4197 ||| INVOKING Heroism.
  4198 | D:6      | 4198 ||| Stepping ~*~*~tactically~*~*~ (hiding).
  4220 | D:6      | Reached skill level 8 in Axes
  4264 | D:6      | 4264 ||| INVOKING Heroism.
  4276 | D:6      | Reached skill level 6 in Fighting
  4276 | D:6      | Reached XP level 9. HP: 52/55 MP: 10/12
  4407 | D:6      | 4407 ||| Stepping ~*~*~tactically~*~*~ (stealth).
  4513 | D:6      | Found a transporter.
  4516 | D:6      | Noticed qw's ghost (novice DEHu)
  4531 | D:6      | Found a transporter.
  4600 | D:6      | 4600 ||| Stepping ~*~*~tactically~*~*~ (stealth).
  4601 | D:6      | 4601 ||| Stepping ~*~*~tactically~*~*~ (stealth).
  4607 | D:6      | Reached ** piety under Okawaru
  4612 | D:6      | HP: 13/55 [yak (9)]
  4613 | D:6      | 4613 ||| READING 2 scrolls of teleportation.
  4614 | D:6      | 4614 ||| INVOKING Heroism.
  4812 | D:6      | Reached skill level 9 in Axes
  5128 | D:6      | 5128 ||| UPGRADING to scarf of resistance.
  5133 | D:6      | 5133 ||| DROPPING ring of flight.
  5134 | D:6      | 5134 ||| READING scroll labelled DOTUCZ EMAUBUV.
  5135 | D:6      | 5135 ||| READING scroll labelled YGHELA FEMIZ.
  5136 | D:6      | 5136 ||| READING 2 scrolls labelled UDOICU NOMA.
  5137 | D:6      | 5137 ||| DROPPING scroll of fear.
  5162 | D:7      | 5162 ||| PLANNING OSSUARY
  5174 | D:7      | 5174 ||| INVOKING Heroism.
  5251 | D:7      | Reached skill level 6 in Armour
  5254 | D:7      | 5254 ||| INVOKING Heroism.
  5258 | D:7      | 5258 ||| Stepping ~*~*~tactically~*~*~ (hiding).
  5338 | D:7      | Found Hiwik's Book Shoppe.
  5399 | D:7      | 5399 ||| INVOKING Heroism.
  5597 | D:7      | Reached XP level 10. HP: 57/63 MP: 13/13
  5684 | D:7      | 5684 ||| INVOKING Heroism.
  5685 | D:7      | 5685 ||| Stepping ~*~*~tactically~*~*~ (stealth).
  5792 | D:7      | Reached skill level 10 in Axes
  5804 | D:7      | Found a sand-covered staircase.
  5805 | D:7      | 5805 ||| READING scroll labelled MOCVAA NEOLU.
  5806 | D:7      | 5806 ||| DRINKING 2 clear potions.
  5810 | Ossuary  | Entered an ossuary
  5841 | Ossuary  | 5841 ||| Stepping ~*~*~tactically~*~*~ (stealth).
  6002 | D:7      | 6002 ||| PLANNING D:1-11
  6186 | D:8      | 6186 ||| Stepping ~*~*~tactically~*~*~ (hiding).
  6235 | D:8      | 6235 ||| Stepping ~*~*~tactically~*~*~ (stealth).
  6237 | D:8      | 6237 ||| Stepping ~*~*~tactically~*~*~ (stealth).
  6239 | D:8      | 6239 ||| Stepping ~*~*~tactically~*~*~ (hiding).
  6240 | D:8      | 6240 ||| Stepping ~*~*~tactically~*~*~ (hiding).
  6241 | D:8      | 6241 ||| INVOKING Heroism.
  6345 | D:8      | Found a snail-covered altar of Cheibriados.
  6351 | D:8      | Found a bloodstained altar of Trog.
  6356 | D:8      | Found a sacrificial altar of Ru.
  6408 | D:8      | 6408 ||| Stepping ~*~*~tactically~*~*~ (hiding).
  6409 | D:8      | 6409 ||| Stepping ~*~*~tactically~*~*~ (hiding).
  6587 | D:8      | 6587 ||| INVOKING Heroism.
  6687 | D:8      | 6687 ||| INVOKING Heroism.
  6717 | D:8      | 6717 ||| READING scroll of brand weapon.
  6717 | D:8      | 6717 ||| BRANDING +1 war axe of freezing.
  6809 | D:8      | 6809 ||| INVOKING Heroism.
  6824 | D:8      | 6824 ||| INVOKING Heroism.
  6931 | D:8      | 6931 ||| Stepping ~*~*~tactically~*~*~ (stealth).
  6932 | D:8      | 6932 ||| INVOKING Heroism.
  7119 | D:8      | 7119 ||| Stepping ~*~*~tactically~*~*~ (stealth).
  7120 | D:8      | 7120 ||| Stepping ~*~*~tactically~*~*~ (stealth).
  7135 | D:8      | 7135 ||| Stepping ~*~*~tactically~*~*~ (hiding).
  7144 | D:8      | 7144 ||| Stepping ~*~*~tactically~*~*~ (stealth).
  7149 | D:8      | 7149 ||| INVOKING Heroism.
  7182 | D:8      | 7182 ||| DRINKING 2 silvery potions.
  7389 | D:9      | 7389 ||| Stepping ~*~*~tactically~*~*~ (stealth).
  7403 | D:9      | Reached skill level 11 in Axes
  7419 | D:9      | 7419 ||| Stepping ~*~*~tactically~*~*~ (stealth).
  7423 | D:9      | 7423 ||| Stepping ~*~*~tactically~*~*~ (stealth).
  7436 | D:9      | 7436 ||| INVOKING Heroism.
  7616 | D:9      | 7616 ||| Stepping ~*~*~tactically~*~*~ (stealth).
  7663 | D:9      | 7663 ||| READING scroll of enchant weapon.
  7663 | D:9      | 7663 ||| ENCHANTING +1 war axe of electrocution.
  7742 | D:9      | 7742 ||| Stepping ~*~*~tactically~*~*~ (hiding).
  7791 | D:9      | 7791 ||| INVOKING Heroism.
  7835 | D:9      | Reached *** piety under Okawaru
  7908 | D:9      | 7908 ||| READING scroll labelled JEXOOCU SIRITOFOC.
  7995 | D:10     | Entered Level 10 of the Dungeon
  8003 | D:10     | Reached skill level 9 in Fighting
  8003 | D:10     | Reached XP level 11. HP: 71/71 MP: 14/14
  8176 | D:10     | Noticed a centaur warrior
  8185 | D:10     | Killed a centaur warrior
  8185 | D:10     | Reached **** piety under Okawaru
  8186 | D:10     | Reached skill level 12 in Axes
  8316 | D:10     | 8316 ||| READING scroll of brand weapon.
  8316 | D:10     | 8316 ||| BRANDING +2 war axe of electrocution.
  8331 | D:10     | 8331 ||| Stepping ~*~*~tactically~*~*~ (hiding).
  8411 | D:10     | Found a staircase to the Orcish Mines.
  8588 | D:10     | Noticed a two-headed ogre
  8589 | D:10     | 8589 ||| INVOKING Heroism.
  8601 | D:10     | Killed a two-headed ogre
  8719 | D:10     | 8719 ||| UPGRADING to +0 kite shield.
  8729 | D:10     | 8729 ||| DROPPING +0 buckler.
  8730 | D:10     | 8730 ||| READING 3 scrolls of identify.
  8730 | D:10     | 8730 ||| IDENTIFYING ruby potion
  8731 | D:10     | 8731 ||| DROPPING potion of invisibility.
  8740 | D:11     | Noticed a two-headed ogre
  8742 | D:11     | 8742 ||| INVOKING Heroism.
  8750 | D:11     | Killed a two-headed ogre
  8934 | D:11     | Found a staircase to the Lair.
  8935 | D:11     | 8935 ||| INVOKING Heroism.
  8942 | D:11     | Noticed a cyclops
  8944 | D:11     | Reached skill level 6 in Shields
  8954 | D:11     | Reached skill level 6 in Invocations
  8960 | D:11     | Killed a cyclops
  9011 | D:11     | Noticed a two-headed ogre
  9012 | D:11     | 9012 ||| INVOKING Heroism.
  9022 | D:11     | Killed a two-headed ogre
  9054 | D:11     | Noticed a cyan ugly thing
  9061 | D:11     | Killed a cyan ugly thing
  9061 | D:11     | Reached ***** piety under Okawaru
  9205 | D:11     | 9205 ||| DRINKING 2 potions of curing.
  9205 | D:11     | 9205 ||| (to cure confusion)
  9209 | D:11     | 9209 ||| DRINKING potion of curing.
  9209 | D:11     | 9209 ||| (to cure confusion)
  9248 | D:11     | 9248 ||| Stepping ~*~*~tactically~*~*~ (stealth).
  9262 | D:11     | 9262 ||| INVOKING Heroism.
  9263 | D:11     | 9263 ||| INVOKING Finesse.
  9285 | D:11     | HP: 14/71 [red devil/+3 trident[a kobold demonologist] (9)]
  9286 | D:11     | 9286 ||| READING 5 scrolls of teleportation.
  9293 | D:11     | HP: 14/71 [quasit[a kobold demonologist] (2)]
  9698 | D:11     | Noticed a fire giant
  9701 | D:11     | 9701 ||| INVOKING Heroism.
  9704 | D:11     | Mangled by a fire giant

Levels and vault maps discovered:
D:1:      lemuel_arrival_hallway, layout_basic
D:2:      layout_rooms, basic_altar, uniq_crazy_yiuf_cottage, uniq_sigmund,
          uniq_jessica
D:3:      layout_loops_cross, lemuel_doored_altar, nicolae_ashenzari_panopticon,
          grunt_ministairs_14
D:4:      layout_basic, grunt_temple_overflow_growth_and_decay,
          nicolae_shop_vocational, uniq_blork_the_orc
D:5:      layout_loops_corners, kennysheep_ying_yang, serial_rivers,
          chequers_serial_rivers_room_b, chequers_serial_rivers_small_b,
          chequers_serial_rivers_micro_b, chequers_serial_rivers_room_b,
          grunt_ministairs_14
D:6:      layout_basic, minmay_temple_entry_grid, gammafunk_ghost_stat_death,
          serial_bayou_crossing
D:7:      layout_loops_ring, serial_shops, nicolae_book_shop_shelving,
          nicolae_ossuary_entry_plus, lightli_minifort
D:8:      layout_cave_pools, minmay_overflow_temple_star_quad,
          serial_gnoll_camp, gnoll_camp_mini_hut, gnoll_camp_mini_hut,
          gnoll_camp_mini_basic, gnoll_camp_mini_basic, gnoll_camp_medium_02
D:9:      wander_river, layout_loops_cross
D:10:     layout_small_grid, orc_0_dummy
D:11:     layout_basic, david_lair_generic, kennysheep_just_a_vault
Temple:   nicolae_temple_ecumenical_triangle

Skill      XL: |  1  2  3  4  5  6  7  8  9 10 11 |
---------------+----------------------------------+-----
Axes           | 2 3 5 6 7 8 9 11 12 | 12.0
Fighting       | 4 6 7 9 |  9.0
Throwing       | 1 2 |  2.0
Armour         | 4 6 7 |  7.4
Dodging        | 1 |  1.3
Invocations    | 4 7 |  7.3
Shields        | 4 5 7 |  7.6

Action                     |  1- 3 |  4- 6 |  7- 9 | 10-12 || total
---------------------------+-------+-------+-------+-------++-------
  Melee: War axe           |    80 |   162 |   220 |   464 ||   926
  Throw: Javelin           |       |     3 |    33 |     7 ||    43
         Boomerang         |       |       |    12 |       ||    12
 Invoke: Heroism           |       |       |     8 |    16 ||    24
         Finesse           |       |       |       |     1 ||     1
    Use: Scroll            |     3 |     8 |     5 |     7 ||    23
         Potion            |       |     1 |     1 |     4 ||     6
 Armour: Scale mail        |    45 |       |       |       ||    45
         Chain mail        |     6 |    62 |       |       ||    68
         Plate armour      |       |    23 |   169 |   305 ||   497
  Dodge: Dodged            |    35 |    38 |    69 |   139 ||   281
  Block: Buckler           |    15 |    25 |    39 |    80 ||   159
         Kite shield       |       |       |       |    58 ||    58

Table legend:
 A = Non-vault XP
 B = Vault XP
 C = Vault XP percentage of total XP
 D = Non-vault monster count
 E = Vault monster count
 F = Vault count percentage of total count
                 A         B        C        D         E       F
            +---------+---------+-------+---------+---------+-------
      Total |   16030 |    2291 |  12.5 |     200 |      60 |  23.1
            +---------+---------+-------+---------+---------+-------
        D:1 |      37 |       0 |   0.0 |      21 |       0 |   0.0
        D:2 |      72 |     260 |  78.3 |      18 |       2 |  10.0
        D:3 |      59 |       4 |   6.3 |      12 |       2 |  14.3
        D:4 |     274 |      96 |  25.9 |      14 |       1 |   6.7
        D:5 |    1137 |     121 |   9.6 |      27 |       1 |   3.6
        D:6 |    1797 |       0 |   0.0 |      21 |       0 |   0.0
        D:7 |    1127 |     146 |  11.5 |      20 |       4 |  16.7
        D:8 |    1365 |     656 |  32.5 |      22 |      26 |  54.2
        D:9 |    1848 |       0 |   0.0 |      13 |       0 |   0.0
       D:10 |    4181 |       0 |   0.0 |      20 |       0 |   0.0
       D:11 |    4133 |     988 |  19.3 |      12 |       4 |  25.0
    Ossuary |       0 |      20 | 100.0 |       0 |      20 | 100.0
            +---------+---------+-------+---------+---------+-------
